 Dungeon Crawl Stone Soup version 0.23-a0-673-g3803c42f16 (webtiles) character file.

52 Morbidden the Cutter (level 3, 0/28 HPs)
             Began as a Merfolk Gladiator on Jan 9, 2019.
             Slain by an orc
             ... wielding a +2 dagger of venom
              (3 damage)
             ... on level 2 of the Dungeon.
             The game lasted 00:02:28 (1209 turns).

Morbidden the Cutter (Merfolk Gladiator)            Turns: 1209, Time: 00:02:29

Health: 0/28       AC:  5    Str: 14    XL:     3   Next: 85%
Magic:  3/3        EV: 14    Int:  7    God:
Gold:   24         SH:  0    Dex: 16    Spells: 2/2 levels left

rFire    . . .     SeeInvis +   a - +0 rapier
rCold    . . .     Gourm    .   (no shield)
rNeg     . . .     Faith    .   b - +0 leather armour
rPois    .         Spirit   .   c - +0 helmet
rElec    .         Reflect  .   h - +0 cloak
rCorr    .         Harm     .   (no gloves)
MR       .....                  (no boots)
Stlth    ++........             (no amulet)
HPRegen  0.09/turn              j - ring of see invisible
MPRegen  0.08/turn              l - +2 ring of slaying

@: lethally poisoned (0 -> -13)
A: change form in water, swift swim, stealthy swim
a: no special abilities


You were on level 2 of the Dungeon.
You were hungry.

You visited 1 branch of the dungeon, and saw 2 of its levels.

You collected 24 gold pieces.

Inventory:

Hand Weapons
 a - a +0 rapier (weapon)
Missiles
 d - 3 throwing nets (quivered)
Armour
 b - a +0 leather armour (worn)
 c - a +0 helmet (worn)
 h - a +0 cloak (worn)
Jewellery
 j - a ring of see invisible (left hand)
 l - a +2 ring of slaying (right hand)
Scrolls
 e - a scroll of immolation {unknown}
 g - 2 scrolls of fear {unknown}
 k - a scroll of remove curse {unknown}
Comestibles
 f - 2 rations


   Skills:
 + Level 2.7 Fighting
 * Level 4.6 Short Blades
 - Level 2.0 Throwing
 + Level 0.3 Armour
 + Level 4.5 Dodging
 * Level 1.0 Stealth


You had 2 spell levels left.
You didn't know any spells.
Your spell library was empty.

Dungeon Overview and Level Annotations

Branches:
Dungeon (2/15)

Altars:
Okawaru


Message History

Unknown command.
You hit the orc.
You kill the orc!
* * * LOW HITPOINT WARNING * * *
You feel sick.
Unknown command.
You barely miss the orc. The orc barely misses you.
You hit the orc but do no damage.
* * * LOW HITPOINT WARNING * * *
You feel sick. The orc hits you but does no damage.
You are more poisoned.
You closely miss the orc.
* * * LOW HITPOINT WARNING * * *
You feel sick.
Unknown command.
You closely miss the orc.
* * * LOW HITPOINT WARNING * * *
You feel sick.
The orc hits you with a +2 dagger of venom.
You die...

..........#.####
#........#.##
##.....#.#..#
#####...##.##
...#####......#
#............#
######.##....####
#>###......# #.#
######@# #.#
#o### #.#
#>..###### ###.#
#..$.....# #...#
#.....!..# ##.###
#........# #.<#
####.##### #..#
#.# #### #.#


You could see an orc.

Vanquished Creatures
  An orc wizard (D:2)
  A dart slug (D:1)
  An orc (D:2)
  2 giant cockroaches (D:1)
  4 goblins (D:1)
  A hobgoblin (D:1)
  4 jackals (D:1)
  3 bats (D:1)
  7 rats
24 creatures vanquished.

Notes
Turn   | Place    | Note
-------+----------+-------------------------------------------
     0 | D:1      | Morbidden the Merfolk Gladiator began the quest for the
                  | Orb.
     0 | D:1      | Reached XP level 1. HP: 16/16 MP: 1/1
    38 | D:1      | Reached XP level 2. HP: 11/23 MP: 2/2
  1098 | D:1      | Reached XP level 3. HP: 28/28 MP: 3/3
  1167 | D:2      | Found an iron altar of Okawaru.
  1201 | D:2      | Reached skill level 1 in Stealth
  1209 | D:2      | Slain by an orc

Vault maps used:
D:1:      minmay_arrival_radiant_lines, serial_bayou_ford_a, chequers_arboretum,
          minmay_misc_feat_x, chequers_jeans, solitary_fountain
D:2:      nicolae_overflow_hidden_temple, lemuel_doored_altar,
          minmay_snake_closets

Skill      XL: |  1  2  3 |
---------------+----------+-----
Short Blades   | 4 |  4.6
Stealth        | 1 |  1.0
Fighting       | |  2.7
Throwing       | |  2.0
Armour         | |  0.3
Dodging        | |  4.5

Action                   || total
-------------------------++-------
Melee: Rapier            ||   101
  Use: Potion            ||     1
 Stab: Sleeping          ||     2
Armor: Leather armour    ||    38
Dodge: Dodged            ||   101

Table legend:
 A = Non-vault XP
 B = Vault XP
 C = Vault XP percentage of total XP
 D = Non-vault monster count
 E = Vault monster count
 F = Vault count percentage of total count
                 A         B        C        D         E       F
            +---------+---------+-------+---------+---------+-------
      Total |      75 |       0 |   0.0 |      24 |       0 |   0.0
            +---------+---------+-------+---------+---------+-------
        D:1 |      34 |       0 |   0.0 |      20 |       0 |   0.0
        D:2 |      41 |       0 |   0.0 |       4 |       0 |   0.0
            +---------+---------+-------+---------+---------+-------
